WCHLSIM.com - West Coast Hockey League
html PUBLIC "-//W3C//DTD XHTML 1.0 Transitional//EN" "http://www.w3.org/TR/xhtml1/DTD/xhtml1-transitional.dtd"> WCHL - Game 579 - KANSAS CITY KILLERBEES vs PORTLAND PIRATES

KANSAS CITY KILLERBEES vs PORTLAND PIRATES

Created - 10 janvier 2023 at 07:10

Goals
1 2 3 T
KANSAS CITY KILLERBEES 0 0 1 1
PORTLAND PIRATES 0 4 1 5
Shots
1 2 3 T
KANSAS CITY KILLERBEES 8 4 7 19
PORTLAND PIRATES 12 16 10 38

1st period

No Goal

Penalties :
No Penalty

2nd period

1. PORTLAND PIRATES , Mika Zibanejad 8 (Brett Pesce 9) at 0:09
2. PORTLAND PIRATES , Travis Konecny 9 (Yanni Gourde 11, Jonathan Toews 10) at 6:43 (PP)
3. PORTLAND PIRATES , Mika Zibanejad 9 (Gabriel Landeskog 16, Kevin Lankinen) at 9:06 (PP)
4. PORTLAND PIRATES , Robert Thomas 11 (Chandler Stephenson 16, Yanni Gourde 12) at 19:21

Penalties :
K'Andre Miller (KCK) for Hooking (Minor) at 4:56, Will Butcher (KCK) for Cross-checking (Minor) at 8:46

3rd period

5. PORTLAND PIRATES , Yanni Gourde 8 (Robert Thomas 23) at 0:06
6. KANSAS CITY KILLERBEES , James van Riemsdyk 10 (Alexis Lafreniere 15, Colin Miller 6) at 1:26

Penalties :
Egor Zamula (KCK) for Slashing (Minor) at 1:32, Michael Chaput (KCK) for High sticking (Minor) at 4:05, Mark Borowiecki (POR) for Hooking (Minor) at 14:26, Mika Zibanejad (POR) for Roughing (Minor) at 17:55

Goalie Stats

Casey DeSmith (KCK), 22 saves from 26 shots - (0,846), L, 3-8-3, 39:21 minutes
Ilya Samsonov (KCK), 11 saves from 12 shots - (0,917), 20:39 minutes
Kevin Lankinen (POR), 18 saves from 19 shots - (0,947), W, 5-3-0, 60:00 minutes

Players Stats for KANSAS CITY KILLERBEES

Player Name              G  A  P  +/- PIM S  H  SB GA TA FO     MP     PP MP  PK MP  
------------------------------------------------------------------------------------
Alexis Lafreniere        0  1  1  -2  0   3  0  0  0  0  0/2    19:15   1:24   2:33 
Anders Bjork             0  0  0   0  0   1  0  0  0  0  0/1    12:57   0:00   0:12 
Buddy Robinson           0  0  0   0  0   0  2  0  0  0  0/1    16:15   2:34   0:00 
Cam Fowler               0  0  0  -2  0   2  3  2  0  0  0/0    24:06   2:34   3:20 
Colin Miller             0  1  1   0  0   0  1  1  0  0  0/0    19:55   1:24   2:50 
Egor Zamula              0  0  0   0  2   0  4  2  0  0  0/0    15:57   0:00   0:50 
Jake Lucchini            0  0  0   0  0   0  0  0  0  0  0/4     9:09   0:00   0:00 
James van Riemsdyk       1  0  1  -2  0   5  0  0  0  0  2/5    19:03   1:24   2:21 
K'Andre Miller           0  0  0  -2  2   1  12 0  0  0  0/0    23:22   2:34   2:21 
Keith Yandle             0  0  0   0  0   0  0  1  0  0  0/0    19:06   0:36   2:49 
MacKenzie Entwistle      0  0  0   0  0   0  1  0  0  0  0/1     9:09   0:00   0:00 
Michael Chaput           0  0  0   0  2   0  1  0  0  0  0/1    12:44   0:00   0:00 
Nicolas Aube-Kubel       0  0  0   0  0   0  0  0  0  0  0/2     8:13   0:00   0:00 
Ryan Dzingel             0  0  0   0  0   4  0  0  0  0  0/0    16:15   2:34   0:00 
Tyler Johnson            0  0  0   0  0   0  1  0  0  0  7/15   14:09   1:24   0:00 
Will Butcher             0  0  0   0  2   0  3  4  0  0  0/0    15:55   0:48   0:00 
Yegor Sharangovich       0  0  0   0  0   1  0  0  0  0  6/16   19:31   2:34   3:32 
Zach Aston-Reese         0  0  0  -2  0   2  4  0  0  0  6/35   18:50   0:00   3:32 

Players Stats for PORTLAND PIRATES

Player Name              G  A  P  +/- PIM S  H  SB GA TA FO     MP     PP MP  PK MP  
------------------------------------------------------------------------------------
Ben Hutton               0  0  0   1  0   0  0  1  0  0  0/0    19:47   1:09   1:23 
Brett Pesce              0  1  1   1  0   2  0  1  0  0  0/0    21:01   2:16   2:23 
Brian Dumoulin           0  0  0   0  0   1  0  0  0  0  0/0    18:11   0:00   1:51 
Chandler Stephenson      0  1  1   2  0   3  2  0  0  0  26/32  19:52   3:29   0:00 
Gabriel Landeskog        0  1  1   0  0   4  0  0  0  0  1/2    14:46   3:05   0:00 
Jonathan Toews           0  1  1   0  0   2  0  0  0  0  9/10   14:21   2:40   0:00 
Mark Borowiecki          0  0  0   1  2   0  7  1  0  0  0/0    17:38   0:00   0:24 
Michael Amadio           0  0  0   0  0   1  0  0  0  0  0/0     5:46   0:00   0:57 
Mika Zibanejad           2  0  2   0  2   3  0  0  0  0  12/18  19:39   2:36   0:00 
Pavel Zacha              0  0  0   0  0   1  1  0  0  0  4/6    14:39   0:00   2:58 
Rickard Rakell           0  0  0   0  0   3  1  0  0  0  0/1    19:56   2:16   0:36 
Robert Thomas            1  1  2   2  0   8  0  0  0  0  0/0    19:28   3:05   0:00 
Ryan Donato              0  0  0   0  0   1  0  0  0  0  5/9     4:49   0:00   0:00 
Thomas Chabot            0  0  0   0  0   1  0  0  0  0  0/0    20:09   3:49   0:00 
Travis Hamonic           0  0  0   1  0   1  2  0  0  0  0/0    18:17   0:00   1:55 
Travis Konecny           1  0  1   0  0   3  1  0  0  0  1/1    20:04   3:00   0:00 
William Carrier          0  0  0   0  0   0  0  0  0  0  0/0     7:17   0:00   2:28 
Yanni Gourde             1  2  3   2  0   4  2  0  0  0  4/4    20:20   3:00   0:57 

3 Stars

1 - Yanni Gourde (POR)
2 - Robert Thomas (POR)
3 - Mika Zibanejad (POR)

Power Play

KANSAS CITY KILLERBEES - 0 on 2 Attempt(s) - 0,00%
PORTLAND PIRATES - 2 on 4 Attempt(s) - 50,00%

Penalty Kill

KANSAS CITY KILLERBEES - 2 on 4 Attempt(s) - 50,00% - Score 0 goal in Penalty Kill
PORTLAND PIRATES - 2 on 2 Attempt(s) - 100,00% - Score 0 goal in Penalty Kill

Team Stat

KANSAS CITY KILLERBEES - Hits : 32 - Faceoff Wins : 21 - Blocked Shots : 10 - Penalty Minutes : 8
PORTLAND PIRATES - Hits : 16 - Faceoff Wins : 62 - Blocked Shots : 3 - Penalty Minutes : 4

Official

Referees : Justin St. Pierre and Frederick L'Ecuyer
Linesman : Brent Hooks and Matt Brady

Game Notes

Ilya Samsonov enters game at 19:21 of 2nd period

Finance

Level 1 -- Attendance: 8000 (100,00%) -- Ticket Income 1 272 000 $
Level 2 -- Attendance: 6000 (100,00%) -- Ticket Income 684 000 $
Level 3 -- Attendance: 3000 (100,00%) -- Ticket Income 252 000 $
Level 4 -- Attendance: 4000 (100,00%) -- Ticket Income 316 000 $
Luxury Box -- Attendance: 1000 (100,00%) -- Ticket Income 344 000 $
Total Attendance: 22000 (100,00%)
Total Ticket Income: 2 868 000 $
Other Expense: 28 680 $
Total Income: 2 839 320 $

KANSAS CITY KILLERBEES

5 vs 5 Forward 
   Center                   Left Wing                Right Wing               Time % Phy DF OF 
 1 Zach Aston-Reese         James van Riemsdyk       Alexis Lafreniere        36     1   2  2  
 2 Yegor Sharangovich       Ryan Dzingel             Buddy Robinson           31     1   2  2  
 3 Tyler Johnson            Michael Chaput           Anders Bjork             23     1   2  2  
 4 Jake Lucchini            Nicolas Aube-Kubel       MacKenzie Entwistle      10     1   2  2  

5 vs 5 Defense 
   Defense                  Defense                                           Time % Phy DF OF 
 1 Cam Fowler               K'Andre Miller                                    36     1   2  2  
 2 Colin Miller             Keith Yandle                                      31     1   2  2  
 3 Will Butcher             Egor Zamula                                       23     1   2  2  
 4 Cam Fowler               K'Andre Miller                                    10     1   2  2  

PowerPlay Forward 
   Center                   Left Wing                Right Wing               Time % Phy DF OF 
 1 Tyler Johnson            James van Riemsdyk       Alexis Lafreniere        55     1   2  2  
 2 Yegor Sharangovich       Ryan Dzingel             Buddy Robinson           45     1   2  2  

PowerPlay Defense
   Defense                  Defense                                           Time % Phy DF OF 
 1 Cam Fowler               K'Andre Miller                                    55     1   2  2  
 2 Colin Miller             Keith Yandle                                      45     1   2  2  

Penalty Kill 4 Players Forward 
   Center                   Wing                     Time % Phy DF OF 
 1 Zach Aston-Reese         Yegor Sharangovich       55     1   2  2  
 2 James van Riemsdyk       Alexis Lafreniere        45     1   2  2  

Penalty Kill 4 Players Defense
   Defense                  Defense                  Time % Phy DF OF 
 1 Cam Fowler               K'Andre Miller           55     1   2  2  
 2 Colin Miller             Keith Yandle             45     1   2  2  

Penalty Kill - 3 Players Forward 
   Forward                                           Time % Phy DF OF 
 1 James van Riemsdyk                                55     1   2  2  
 2 Yegor Sharangovich                                45     1   2  2  

Penalty Kill - 3 Players Defense
   Defense                  Defense                  Time % Phy DF OF 
 1 Cam Fowler               K'Andre Miller           55     1   2  2  
 2 Colin Miller             Keith Yandle             45     1   2  2  

4 vs 4 Forward 
   Center                   Wing                     Time % Phy DF OF 
 1 Tyler Johnson            Yegor Sharangovich       55     1   2  2  
 2 James van Riemsdyk       Alexis Lafreniere        45     1   2  2  

4 vs 4 Defense
   Defense                  Defense                  Time % Phy DF OF 
 1 Cam Fowler               K'Andre Miller           55     1   2  2  
 2 Colin Miller             Keith Yandle             45     1   2  2  

Last Minutes Offensive
   Center                   Left Wing                Right Wing               Defense                  Defense                  
   Zach Aston-Reese         James van Riemsdyk       Alexis Lafreniere        Cam Fowler               K'Andre Miller           

Last Minutes Defensive
   Center                   Left Wing                Right Wing               Defense                  Defense                  
   Zach Aston-Reese         James van Riemsdyk       Alexis Lafreniere        Cam Fowler               K'Andre Miller           

Goaltenders
Starting : Casey DeSmith            
Backup : Ilya Samsonov            

Extra Forwards
Normal : Tyler Johnson, Michael Chaput, Anders Bjork - PP : Tyler Johnson, Michael Chaput - PK : Anders Bjork
Extra Defensemen
Normal : Will Butcher, Egor Zamula, Colin Miller - PP : Will Butcher - PK : Egor Zamula, Colin Miller
Penalty Shots
Michael Chaput, Yegor Sharangovich, James van Riemsdyk, Alexis Lafreniere, Tyler Johnson
Custom OT Lines Forwards
Zach Aston-Reese, Yegor Sharangovich, James van Riemsdyk, Alexis Lafreniere, Tyler Johnson, Ryan Dzingel, Michael Chaput, Buddy Robinson, Anders Bjork, Jake Lucchini
Custom OT Lines Defensemen
Cam Fowler, K'Andre Miller, Colin Miller, Keith Yandle, Will Butcher

Scratches
Devante Smith-Pelly (Healthy), Jakub Zboril (Bruised Left Leg Injury), Jacob Muzzin (Bruised Left Arm Injury), Maxwell Willman (Healthy), Brett Connolly (Healthy)

PORTLAND PIRATES

5 vs 5 Forward 
   Center                   Left Wing                Right Wing               Time % Phy DF OF 
 1 Mika Zibanejad           Rickard Rakell           Travis Konecny           34     0   2  3  
 2 Chandler Stephenson      Yanni Gourde             Robert Thomas            34     0   2  3  
 3 Jonathan Toews           Pavel Zacha              Gabriel Landeskog        25     0   2  3  
 4 Ryan Donato              William Carrier          Michael Amadio           7      1   2  2  

5 vs 5 Defense 
   Defense                  Defense                                           Time % Phy DF OF 
 1 Brian Dumoulin           Thomas Chabot                                     34     0   3  2  
 2 Brett Pesce              Travis Hamonic                                    34     0   4  1  
 3 Ben Hutton               Mark Borowiecki                                   20     1   4  0  
 4 Ben Hutton               Mark Borowiecki                                   12     1   4  0  

PowerPlay Forward 
   Center                   Left Wing                Right Wing               Time % Phy DF OF 
 1 Mika Zibanejad           Gabriel Landeskog        Robert Thomas            60     0   1  4  
 2 Chandler Stephenson      Yanni Gourde             Travis Konecny           40     0   1  4  

PowerPlay Defense
   Defense                  Defense                                           Time % Phy DF OF 
 1 Thomas Chabot            Jonathan Toews                                    60     0   2  3  
 2 Brett Pesce              Rickard Rakell                                    40     0   2  3  

Penalty Kill 4 Players Forward 
   Center                   Wing                     Time % Phy DF OF 
 1 Pavel Zacha              William Carrier          60     0   5  0  
 2 Yanni Gourde             Michael Amadio           40     0   5  0  

Penalty Kill 4 Players Defense
   Defense                  Defense                  Time % Phy DF OF 
 1 Brian Dumoulin           Ben Hutton               60     0   5  0  
 2 Brett Pesce              Mark Borowiecki          40     0   5  0  

Penalty Kill - 3 Players Forward 
   Forward                                           Time % Phy DF OF 
 1 William Carrier                                   55     0   5  0  
 2 Michael Amadio                                    45     0   5  0  

Penalty Kill - 3 Players Defense
   Defense                  Defense                  Time % Phy DF OF 
 1 Brian Dumoulin           Ben Hutton               55     0   5  0  
 2 Brett Pesce              Mark Borowiecki          45     0   5  0  

4 vs 4 Forward 
   Center                   Wing                     Time % Phy DF OF 
 1 Pavel Zacha              Yanni Gourde             55     0   2  3  
 2 Jonathan Toews           Rickard Rakell           45     0   2  3  

4 vs 4 Defense
   Defense                  Defense                  Time % Phy DF OF 
 1 Brian Dumoulin           Thomas Chabot            55     0   3  2  
 2 Brett Pesce              Ben Hutton               45     0   3  2  

Last Minutes Offensive
   Center                   Left Wing                Right Wing               Defense                  Defense                  
   Mika Zibanejad           Gabriel Landeskog        Robert Thomas            Thomas Chabot            Brett Pesce              

Last Minutes Defensive
   Center                   Left Wing                Right Wing               Defense                  Defense                  
   Yanni Gourde             William Carrier          Michael Amadio           Brian Dumoulin           Ben Hutton               

Goaltenders
Starting : Kevin Lankinen           
Backup : Cameron Talbot           

Extra Forwards
Normal : Ryan Donato, Jonathan Toews, Pavel Zacha - PP : Rickard Rakell, Jonathan Toews - PK : Rickard Rakell
Extra Defensemen
Normal : Ben Hutton, Mark Borowiecki, Brett Pesce - PP : Ben Hutton - PK : Mark Borowiecki, Brett Pesce
Penalty Shots
Mika Zibanejad, Gabriel Landeskog, Robert Thomas, Chandler Stephenson, Rickard Rakell
Custom OT Lines Forwards
Mika Zibanejad, Gabriel Landeskog, Chandler Stephenson, Robert Thomas, Yanni Gourde, Rickard Rakell, Jonathan Toews, Pavel Zacha, Travis Konecny, Michael Amadio
Custom OT Lines Defensemen
Thomas Chabot, Brett Pesce, Brian Dumoulin, Travis Hamonic, Ben Hutton

Scratches
None


% Time on Ice - KANSAS CITY KILLERBEES

Lines # - Real PCT - Wanted PCT - Time Play
Normal Forward
1 - 31% - 36% - 15:18
2 - 27% - 31% - 13:41
3 - 26% - 23% - 12:45
4 - 16% - 10% - 8:13
Normal Defense
1 - 33% - 36% - 16:25
2 - 31% - 31% - 15:41
3 - 30% - 23% - 15:08
4 - 5% - 10% - 2:43
PP Forward
1 - 35% - 55% - 1:24
2 - 65% - 45% - 2:34
PP Defense
1 - 65% - 55% - 2:34
2 - 35% - 45% - 1:24
PK Forward
1 - 61% - 55% - 3:44
2 - 39% - 45% - 2:21
PK Defense
1 - 55% - 55% - 3:20
2 - 45% - 45% - 2:45
PK3 Forward
1 - 0% - 55%
2 - 0% - 45%
PK3 Defense
1 - 0% - 55%
2 - 0% - 45%
44 Forward
1 - 0% - 55%
2 - 0% - 45%
44 Defense
1 - 0% - 55%
2 - 0% - 45%
Last Minute Offensive  - 0:00
Last Minute Defensive  - 0:00
Total
Forward - 60:00
Defense - 60:00

% Time on Ice - PORTLAND PIRATES

Lines # - Real PCT - Wanted PCT - Time Play
Normal Forward
1 - 34% - 34% - 17:04
2 - 33% - 34% - 16:23
3 - 23% - 25% - 11:41
4 - 10% - 7% - 4:49
Normal Defense
1 - 33% - 34% - 16:20
2 - 33% - 34% - 16:22
3 - 22% - 20% - 11:03
4 - 12% - 12% - 6:12
PP Forward
1 - 51% - 60% - 3:05
2 - 49% - 40% - 3:00
PP Defense
1 - 63% - 60% - 3:49
2 - 37% - 40% - 2:16
PK Forward
1 - 76% - 60% - 3:01
2 - 24% - 40% - 0:57
PK Defense
1 - 47% - 60% - 1:51
2 - 53% - 40% - 2:07
PK3 Forward
1 - 0% - 55%
2 - 0% - 45%
PK3 Defense
1 - 0% - 55%
2 - 0% - 45%
44 Forward
1 - 0% - 55%
2 - 0% - 45%
44 Defense
1 - 0% - 55%
2 - 0% - 45%
Last Minute Offensive  - 0:00
Last Minute Defensive  - 0:00
Total
Forward - 60:00
Defense - 60:00

Play-by-Play

1st period


0:01 of 1st period - Mika Zibanejad wins face-off versus Alexis Lafreniere in neutral zone.
0:06 of 1st period - Shot by Mika Zibanejad.
0:06 of 1st period - Shot Misses the Net.
0:20 of 1st period - Shot by James van Riemsdyk.
0:20 of 1st period - Stopped by Kevin Lankinen without a rebound.
0:21 of 1st period - Chandler Stephenson wins face-off versus Yegor Sharangovich in PORTLAND PIRATES zone.
0:28 of 1st period - Shot by Yanni Gourde.
0:28 of 1st period - Shot Misses the Net.
0:39 of 1st period - Icing by Keith Yandle.
0:40 of 1st period - Jonathan Toews wins face-off versus Yegor Sharangovich in KANSAS CITY KILLERBEES zone.
0:55 of 1st period - Shot by Jonathan Toews.
0:55 of 1st period - Stopped by Casey DeSmith without a rebound.
0:56 of 1st period - Ryan Donato wins face-off versus Anders Bjork in KANSAS CITY KILLERBEES zone.
0:57 of 1st period - Shot by William Carrier.
0:57 of 1st period - Shot Misses the Net.
1:16 of 1st period - William Carrier is hit by Will Butcher and loses puck.
1:26 of 1st period - Off-side.
1:27 of 1st period - Zach Aston-Reese wins face-off versus Chandler Stephenson in neutral zone.
1:48 of 1st period - Shot by Zach Aston-Reese.
1:48 of 1st period - Stopped by Kevin Lankinen with a rebound.
1:50 of 1st period - Shot by Zach Aston-Reese.
1:50 of 1st period - Shot Misses the Net.
2:04 of 1st period - Shot by Alexis Lafreniere.
2:04 of 1st period - Stopped by Kevin Lankinen without a rebound.
2:05 of 1st period - Mika Zibanejad wins face-off versus Jake Lucchini in PORTLAND PIRATES zone.
2:31 of 1st period - Shot by Rickard Rakell.
2:31 of 1st period - Shot Misses the Net.
2:51 of 1st period - Shot by Travis Konecny.
2:51 of 1st period - Shot Misses the Net.
3:55 of 1st period - Shot by Yegor Sharangovich.
3:55 of 1st period - Stopped by Kevin Lankinen without a rebound.
3:56 of 1st period - Chandler Stephenson wins face-off versus Zach Aston-Reese in PORTLAND PIRATES zone.
4:02 of 1st period - Shot by Robert Thomas.
4:02 of 1st period - Deflect By Chandler Stephenson.
4:02 of 1st period - Stopped by Casey DeSmith without a rebound.
4:03 of 1st period - Chandler Stephenson wins face-off versus Tyler Johnson in KANSAS CITY KILLERBEES zone.
4:06 of 1st period - Shot by Robert Thomas.
4:06 of 1st period - Shot Blocked by Will Butcher.
4:16 of 1st period - Shot by Chandler Stephenson.
4:16 of 1st period - Stopped by Casey DeSmith with a rebound.
5:26 of 1st period - Shot by Mika Zibanejad.
5:26 of 1st period - Shot Misses the Net.
5:31 of 1st period - Travis Konecny is hit by Will Butcher and loses puck.
6:24 of 1st period - Shot by Pavel Zacha.
6:24 of 1st period - Deflect By Gabriel Landeskog.
6:24 of 1st period - Stopped by Casey DeSmith without a rebound.
6:25 of 1st period - Chandler Stephenson wins face-off versus Zach Aston-Reese in KANSAS CITY KILLERBEES zone.
6:47 of 1st period - Yanni Gourde is hit by K'Andre Miller and loses puck.
6:56 of 1st period - Shot by Robert Thomas.
6:56 of 1st period - Deflect By Chandler Stephenson.
6:56 of 1st period - Shot Blocked by Cam Fowler.
6:58 of 1st period - Shot by Yanni Gourde.
6:58 of 1st period - Shot Misses the Net.
7:00 of 1st period - Shot by Yanni Gourde.
7:00 of 1st period - Shot Misses the Net.
7:19 of 1st period - Rickard Rakell is hit by Cam Fowler.
8:36 of 1st period - Shot by Pavel Zacha.
8:36 of 1st period - Deflect By Gabriel Landeskog.
8:36 of 1st period - Shot Misses the Net.
8:38 of 1st period - Shot by Gabriel Landeskog.
8:38 of 1st period - Shot Misses the Net.
8:54 of 1st period - Shot by Jonathan Toews.
8:54 of 1st period - Shot Misses the Net.
8:56 of 1st period - Shot by Gabriel Landeskog.
8:56 of 1st period - Shot Misses the Net.
8:58 of 1st period - Shot by Gabriel Landeskog.
8:58 of 1st period - Stopped by Casey DeSmith without a rebound.
8:59 of 1st period - Chandler Stephenson wins face-off versus Zach Aston-Reese in KANSAS CITY KILLERBEES zone.
10:01 of 1st period - Shot by Michael Amadio.
10:01 of 1st period - Shot Misses the Net.
10:14 of 1st period - William Carrier is hit by MacKenzie Entwistle.
10:22 of 1st period - Travis Hamonic is hit by Buddy Robinson and loses puck.
10:40 of 1st period - Icing by Michael Chaput.
10:41 of 1st period - Mika Zibanejad wins face-off versus Michael Chaput in KANSAS CITY KILLERBEES zone.
11:40 of 1st period - Shot by Robert Thomas.
11:40 of 1st period - Stopped by Casey DeSmith without a rebound.
11:41 of 1st period - Jonathan Toews wins face-off versus Yegor Sharangovich in KANSAS CITY KILLERBEES zone.
12:06 of 1st period - Shot by Ryan Dzingel.
12:06 of 1st period - Shot Misses the Net.
12:08 of 1st period - Shot by Cam Fowler.
12:08 of 1st period - Stopped by Kevin Lankinen without a rebound.
12:09 of 1st period - Yanni Gourde wins face-off versus Zach Aston-Reese in PORTLAND PIRATES zone.
12:20 of 1st period - Chandler Stephenson is hit by Egor Zamula and loses puck.
12:27 of 1st period - Shot by Chandler Stephenson.
12:27 of 1st period - Shot Misses the Net.
12:31 of 1st period - Shot by Robert Thomas.
12:31 of 1st period - Shot Misses the Net.
12:37 of 1st period - Shot by Robert Thomas.
12:37 of 1st period - Stopped by Casey DeSmith without a rebound.
12:38 of 1st period - Jonathan Toews wins face-off versus Jake Lucchini in KANSAS CITY KILLERBEES zone.
12:38 of 1st period - Gabriel Landeskog is hit by K'Andre Miller and loses puck.
12:42 of 1st period - Icing by K'Andre Miller.
12:43 of 1st period - Jonathan Toews wins face-off versus Nicolas Aube-Kubel in KANSAS CITY KILLERBEES zone.
12:55 of 1st period - Gabriel Landeskog is hit by K'Andre Miller.
13:01 of 1st period - Shot by Pavel Zacha.
13:01 of 1st period - Stopped by Casey DeSmith without a rebound.
13:02 of 1st period - Tyler Johnson wins face-off versus Chandler Stephenson in KANSAS CITY KILLERBEES zone.
13:16 of 1st period - Shot by Anders Bjork.
13:16 of 1st period - Shot Misses the Net.
13:44 of 1st period - Shot by Robert Thomas.
13:44 of 1st period - Shot Misses the Net.
14:38 of 1st period - Shot by Mika Zibanejad.
14:38 of 1st period - Deflect By Travis Konecny.
14:38 of 1st period - Stopped by Casey DeSmith with a rebound.
14:51 of 1st period - Off-side.
14:52 of 1st period - Pavel Zacha wins face-off versus Zach Aston-Reese in neutral zone.
14:57 of 1st period - Shot by Gabriel Landeskog.
14:57 of 1st period - Stopped by Casey DeSmith without a rebound.
14:58 of 1st period - Chandler Stephenson wins face-off versus Zach Aston-Reese in KANSAS CITY KILLERBEES zone.
15:22 of 1st period - Icing by Cam Fowler.
15:23 of 1st period - Jonathan Toews wins face-off versus Zach Aston-Reese in KANSAS CITY KILLERBEES zone.
15:36 of 1st period - Shot by Zach Aston-Reese.
15:36 of 1st period - Shot Misses the Net.
16:04 of 1st period - Shot by Pavel Zacha.
16:04 of 1st period - Shot Misses the Net.
16:20 of 1st period - Shot by Rickard Rakell.
16:20 of 1st period - Stopped by Casey DeSmith without a rebound.
16:21 of 1st period - Chandler Stephenson wins face-off versus Jake Lucchini in KANSAS CITY KILLERBEES zone.
17:07 of 1st period - Shot by Yanni Gourde.
17:07 of 1st period - Shot Misses the Net.
17:19 of 1st period - Nicolas Aube-Kubel is hit by Rickard Rakell and loses puck.
17:26 of 1st period - Shot by Rickard Rakell.
17:26 of 1st period - Stopped by Casey DeSmith without a rebound.
17:27 of 1st period - Jonathan Toews wins face-off versus Yegor Sharangovich in KANSAS CITY KILLERBEES zone.
17:29 of 1st period - Gabriel Landeskog is hit by K'Andre Miller and loses puck.
17:55 of 1st period - Buddy Robinson is hit by Mark Borowiecki and loses puck.
18:02 of 1st period - Shot by Yegor Sharangovich.
18:02 of 1st period - Deflect By Ryan Dzingel.
18:02 of 1st period - Stopped by Kevin Lankinen without a rebound.
18:03 of 1st period - Mika Zibanejad wins face-off versus Zach Aston-Reese in PORTLAND PIRATES zone.
18:18 of 1st period - Shot by James van Riemsdyk.
18:18 of 1st period - Stopped by Kevin Lankinen without a rebound.
18:19 of 1st period - Chandler Stephenson wins face-off versus Tyler Johnson in PORTLAND PIRATES zone.
18:21 of 1st period - Icing by Yanni Gourde.
18:22 of 1st period - Chandler Stephenson wins face-off versus Zach Aston-Reese in PORTLAND PIRATES zone.
18:31 of 1st period - Alexis Lafreniere is hit by Yanni Gourde.
18:50 of 1st period - Icing by Brian Dumoulin.
18:51 of 1st period - Chandler Stephenson wins face-off versus Yegor Sharangovich in PORTLAND PIRATES zone.
18:51 of 1st period - Chandler Stephenson is hit by Buddy Robinson.
18:59 of 1st period - Colin Miller is hit by Chandler Stephenson and loses puck.
19:51 of 1st period - Shot by Cam Fowler.
19:51 of 1st period - Shot Misses the Net.
19:53 of 1st period - Shot by K'Andre Miller.
19:53 of 1st period - Shot Misses the Net.
19:55 of 1st period - Shot by K'Andre Miller.
19:55 of 1st period - Stopped by Kevin Lankinen without a rebound.
19:56 of 1st period - Zach Aston-Reese wins face-off versus Ryan Donato in PORTLAND PIRATES zone.
19:57 of 1st period - Shot by Alexis Lafreniere.
19:57 of 1st period - Shot Misses the Net.
Goals for this period are 0 for KANSAS CITY KILLERBEES vs 0 for PORTLAND PIRATES.
Shots for this period are 8 for KANSAS CITY KILLERBEES vs 12 for PORTLAND PIRATES.

2nd period


0:01 of 2nd period - Mika Zibanejad wins face-off versus Zach Aston-Reese in neutral zone.
0:09 of 2nd period - Shot by Mika Zibanejad.
0:09 of 2nd period - Goal by Mika Zibanejad - KANSAS CITY KILLERBEES : 0 - PORTLAND PIRATES : 1.
0:10 of 2nd period - Yegor Sharangovich wins face-off versus Mika Zibanejad in neutral zone.
0:28 of 2nd period - Travis Konecny is hit by K'Andre Miller and loses puck.
0:43 of 2nd period - Shot by Ryan Dzingel.
0:43 of 2nd period - Shot Misses the Net.
0:45 of 2nd period - Shot by Cam Fowler.
0:45 of 2nd period - Shot Misses the Net.
1:00 of 2nd period - Icing by Travis Konecny.
1:01 of 2nd period - Mika Zibanejad wins face-off versus Zach Aston-Reese in PORTLAND PIRATES zone.
1:01 of 2nd period - Mika Zibanejad is hit by Zach Aston-Reese.
1:07 of 2nd period - Zach Aston-Reese is hit by Travis Konecny and loses puck.
1:22 of 2nd period - Shot by Alexis Lafreniere.
1:22 of 2nd period - Stopped by Kevin Lankinen without a rebound.
1:23 of 2nd period - Jonathan Toews wins face-off versus Tyler Johnson in PORTLAND PIRATES zone.
2:11 of 2nd period - Brett Pesce is hit by K'Andre Miller and loses puck.
2:27 of 2nd period - Shot by Alexis Lafreniere.
2:27 of 2nd period - Shot Blocked by Brett Pesce.
3:16 of 2nd period - Shot by Yegor Sharangovich.
3:16 of 2nd period - Shot Misses the Net.
3:18 of 2nd period - Shot by Buddy Robinson.
3:18 of 2nd period - Shot Misses the Net.
4:09 of 2nd period - Shot by Robert Thomas.
4:09 of 2nd period - Shot Misses the Net.
4:11 of 2nd period - Shot by Thomas Chabot.
4:11 of 2nd period - Shot Misses the Net.
4:27 of 2nd period - Shot by Robert Thomas.
4:27 of 2nd period - Stopped by Casey DeSmith without a rebound.
4:28 of 2nd period - Zach Aston-Reese wins face-off versus Mika Zibanejad in KANSAS CITY KILLERBEES zone.
4:38 of 2nd period - Off-side.
4:39 of 2nd period - Ryan Donato wins face-off versus Tyler Johnson in neutral zone.
4:56 of 2nd period - Minor Penalty to K'Andre Miller for Hooking.
4:57 of 2nd period - Zach Aston-Reese wins face-off versus Chandler Stephenson in KANSAS CITY KILLERBEES zone.
5:05 of 2nd period - Off-side.
5:06 of 2nd period - Chandler Stephenson wins face-off versus Zach Aston-Reese in neutral zone.
5:19 of 2nd period - Shot by Yanni Gourde.
5:19 of 2nd period - Stopped by Casey DeSmith without a rebound.
5:20 of 2nd period - Zach Aston-Reese wins face-off versus Chandler Stephenson in KANSAS CITY KILLERBEES zone.
5:43 of 2nd period - Shot by Yanni Gourde.
5:43 of 2nd period - Shot Misses the Net.
5:57 of 2nd period - Shot by Thomas Chabot.
5:57 of 2nd period - Stopped by Casey DeSmith with a rebound.
5:59 of 2nd period - Shot by Yanni Gourde.
5:59 of 2nd period - Shot Misses the Net.
6:37 of 2nd period - Shot by Robert Thomas.
6:37 of 2nd period - Shot Misses the Net.
6:39 of 2nd period - Shot by Brett Pesce.
6:39 of 2nd period - Stopped by Casey DeSmith without a rebound.
6:40 of 2nd period - Travis Konecny wins face-off versus Zach Aston-Reese in KANSAS CITY KILLERBEES zone.
6:41 of 2nd period - Shot by Jonathan Toews.
6:41 of 2nd period - Shot Blocked by Cam Fowler.
6:43 of 2nd period - Shot by Yanni Gourde.
6:43 of 2nd period - Deflect By Travis Konecny.
6:43 of 2nd period - Goal by Travis Konecny - KANSAS CITY KILLERBEES : 0 - PORTLAND PIRATES : 2.
6:44 of 2nd period - Ryan Donato wins face-off versus Tyler Johnson in neutral zone.
7:11 of 2nd period - Shot by Ryan Donato.
7:11 of 2nd period - Stopped by Casey DeSmith without a rebound.
7:12 of 2nd period - Yegor Sharangovich wins face-off versus Chandler Stephenson in KANSAS CITY KILLERBEES zone.
7:12 of 2nd period - Yegor Sharangovich is hit by Chandler Stephenson.
7:31 of 2nd period - Buddy Robinson is hit by Mark Borowiecki and loses puck.
8:39 of 2nd period - Shot by Mika Zibanejad.
8:39 of 2nd period - Shot Misses the Net.
8:45 of 2nd period - Shot by Travis Konecny.
8:45 of 2nd period - Shot Blocked by Egor Zamula.
8:46 of 2nd period - Minor Penalty to Will Butcher for Cross-checking.
8:47 of 2nd period - Mika Zibanejad wins face-off versus James van Riemsdyk in KANSAS CITY KILLERBEES zone.
9:06 of 2nd period - Shot by Mika Zibanejad.
9:06 of 2nd period - Goal by Mika Zibanejad - KANSAS CITY KILLERBEES : 0 - PORTLAND PIRATES : 3.
9:07 of 2nd period - Tyler Johnson wins face-off versus Ryan Donato in neutral zone.
9:09 of 2nd period - Off-side.
9:10 of 2nd period - James van Riemsdyk wins face-off versus Ryan Donato in neutral zone.
9:14 of 2nd period - Icing by Brian Dumoulin.
9:15 of 2nd period - Ryan Donato wins face-off versus Zach Aston-Reese in PORTLAND PIRATES zone.
9:15 of 2nd period - Ryan Donato is hit by Zach Aston-Reese.
9:32 of 2nd period - William Carrier is hit by K'Andre Miller and loses puck.
10:17 of 2nd period - Shot by Mika Zibanejad.
10:17 of 2nd period - Shot Blocked by Colin Miller.
10:45 of 2nd period - Shot by Travis Konecny.
10:45 of 2nd period - Shot Misses the Net.
11:22 of 2nd period - Robert Thomas is hit by Will Butcher and loses puck.
11:32 of 2nd period - Chandler Stephenson is hit by Egor Zamula.
12:12 of 2nd period - Shot by Ryan Dzingel.
12:12 of 2nd period - Stopped by Kevin Lankinen without a rebound.
12:13 of 2nd period - James van Riemsdyk wins face-off versus Rickard Rakell in PORTLAND PIRATES zone.
12:34 of 2nd period - Rickard Rakell is hit by Zach Aston-Reese and loses puck.
12:43 of 2nd period - Shot by Alexis Lafreniere.
12:43 of 2nd period - Stopped by Kevin Lankinen without a rebound.
12:44 of 2nd period - Chandler Stephenson wins face-off versus Yegor Sharangovich in PORTLAND PIRATES zone.
12:49 of 2nd period - Ryan Dzingel is hit by Yanni Gourde and loses puck.
13:05 of 2nd period - Yanni Gourde is hit by K'Andre Miller.
13:13 of 2nd period - Shot by Robert Thomas.
13:13 of 2nd period - Stopped by Casey DeSmith with a rebound.
13:15 of 2nd period - Shot by Thomas Chabot.
13:15 of 2nd period - Deflect By Robert Thomas.
13:15 of 2nd period - Shot Misses the Net.
13:17 of 2nd period - Shot by Brian Dumoulin.
13:17 of 2nd period - Shot Misses the Net.
13:57 of 2nd period - Shot by Rickard Rakell.
13:57 of 2nd period - Stopped by Casey DeSmith without a rebound.
13:58 of 2nd period - Jonathan Toews wins face-off versus Zach Aston-Reese in KANSAS CITY KILLERBEES zone.
14:04 of 2nd period - Zach Aston-Reese is hit by Mark Borowiecki and loses puck.
14:08 of 2nd period - Colin Miller is hit by Mark Borowiecki and loses puck.
14:19 of 2nd period - Shot by Zach Aston-Reese.
14:19 of 2nd period - Stopped by Kevin Lankinen without a rebound.
14:20 of 2nd period - Tyler Johnson wins face-off versus Mika Zibanejad in PORTLAND PIRATES zone.
14:50 of 2nd period - Shot by Travis Konecny.
14:50 of 2nd period - Shot Blocked by Will Butcher.
14:52 of 2nd period - Shot by Travis Hamonic.
14:52 of 2nd period - Stopped by Casey DeSmith without a rebound.
14:53 of 2nd period - Chandler Stephenson wins face-off versus Zach Aston-Reese in KANSAS CITY KILLERBEES zone.
14:56 of 2nd period - Shot by Yanni Gourde.
14:56 of 2nd period - Stopped by Casey DeSmith without a rebound.
14:57 of 2nd period - Chandler Stephenson wins face-off versus Zach Aston-Reese in KANSAS CITY KILLERBEES zone.
15:03 of 2nd period - Off-side.
15:04 of 2nd period - Chandler Stephenson wins face-off versus Zach Aston-Reese in neutral zone.
15:07 of 2nd period - Shot by Thomas Chabot.
15:07 of 2nd period - Shot Misses the Net.
15:09 of 2nd period - Shot by Brian Dumoulin.
15:09 of 2nd period - Stopped by Casey DeSmith without a rebound.
15:10 of 2nd period - Mika Zibanejad wins face-off versus Zach Aston-Reese in KANSAS CITY KILLERBEES zone.
15:21 of 2nd period - Shot by Travis Konecny.
15:21 of 2nd period - Shot Misses the Net.
15:56 of 2nd period - Mika Zibanejad is hit by K'Andre Miller and loses puck.
17:17 of 2nd period - Tyler Johnson is hit by Travis Hamonic and loses puck.
17:25 of 2nd period - Tyler Johnson is hit by Travis Hamonic and loses puck.
17:29 of 2nd period - Icing by Gabriel Landeskog.
17:30 of 2nd period - Jonathan Toews wins face-off versus Jake Lucchini in PORTLAND PIRATES zone.
18:10 of 2nd period - Pavel Zacha is hit by K'Andre Miller and loses puck.
18:22 of 2nd period - Travis Konecny is hit by Cam Fowler.
18:42 of 2nd period - Off-side.
18:43 of 2nd period - Chandler Stephenson wins face-off versus Zach Aston-Reese in neutral zone.
19:21 of 2nd period - Shot by Robert Thomas.
19:21 of 2nd period - Goal by Robert Thomas - KANSAS CITY KILLERBEES : 0 - PORTLAND PIRATES : 4.
19:21 of 2nd period - Ilya Samsonov enters game.
19:22 of 2nd period - Mika Zibanejad wins face-off versus Buddy Robinson in neutral zone.
19:26 of 2nd period - Mika Zibanejad is hit by Egor Zamula and loses puck.
19:31 of 2nd period - Shot by Rickard Rakell.
19:31 of 2nd period - Shot Blocked by Egor Zamula.
19:33 of 2nd period - Shot by Rickard Rakell.
19:33 of 2nd period - Shot Misses the Net.
19:35 of 2nd period - Shot by Mika Zibanejad.
19:35 of 2nd period - Deflect By Rickard Rakell.
19:35 of 2nd period - Shot Misses the Net.
19:37 of 2nd period - Shot by Mika Zibanejad.
19:37 of 2nd period - Stopped by Ilya Samsonov without a rebound.
19:38 of 2nd period - Pavel Zacha wins face-off versus Tyler Johnson in KANSAS CITY KILLERBEES zone.
19:55 of 2nd period - Shot by Jonathan Toews.
19:55 of 2nd period - Stopped by Ilya Samsonov with a rebound.
19:57 of 2nd period - Shot by Travis Hamonic.
19:57 of 2nd period - Deflect By Gabriel Landeskog.
19:57 of 2nd period - Shot Misses the Net.
19:59 of 2nd period - Shot by Gabriel Landeskog.
19:59 of 2nd period - Shot Misses the Net.
Goals for this period are 0 for KANSAS CITY KILLERBEES vs 4 for PORTLAND PIRATES.
Shots for this period are 4 for KANSAS CITY KILLERBEES vs 16 for PORTLAND PIRATES.

3rd period


0:01 of 3rd period - Yanni Gourde wins face-off versus Zach Aston-Reese in neutral zone.
0:04 of 3rd period - Shot by Robert Thomas.
0:04 of 3rd period - Shot Misses the Net.
0:06 of 3rd period - Shot by Yanni Gourde.
0:06 of 3rd period - Goal by Yanni Gourde - KANSAS CITY KILLERBEES : 0 - PORTLAND PIRATES : 5.
0:07 of 3rd period - Chandler Stephenson wins face-off versus Zach Aston-Reese in neutral zone.
0:16 of 3rd period - Shot by Robert Thomas.
0:16 of 3rd period - Stopped by Ilya Samsonov without a rebound.
0:17 of 3rd period - Mika Zibanejad wins face-off versus Yegor Sharangovich in KANSAS CITY KILLERBEES zone.
0:17 of 3rd period - Travis Konecny is hit by K'Andre Miller and loses puck.
1:15 of 3rd period - James van Riemsdyk is hit by Mark Borowiecki and loses puck.
1:24 of 3rd period - Shot by Alexis Lafreniere.
1:24 of 3rd period - Shot Blocked by Mark Borowiecki.
1:26 of 3rd period - Shot by Alexis Lafreniere.
1:26 of 3rd period - Deflect By James van Riemsdyk.
1:26 of 3rd period - Goal by James van Riemsdyk - KANSAS CITY KILLERBEES : 1 - PORTLAND PIRATES : 5.
1:27 of 3rd period - Chandler Stephenson wins face-off versus Tyler Johnson in neutral zone.
1:27 of 3rd period - Yanni Gourde is hit by Michael Chaput and loses puck.
1:31 of 3rd period - Yanni Gourde is hit by Egor Zamula and loses puck.
1:32 of 3rd period - Minor Penalty to Egor Zamula for Slashing.
1:33 of 3rd period - Mika Zibanejad wins face-off versus Zach Aston-Reese in KANSAS CITY KILLERBEES zone.
1:36 of 3rd period - Shot by Gabriel Landeskog.
1:36 of 3rd period - Shot Misses the Net.
1:38 of 3rd period - Shot by Gabriel Landeskog.
1:38 of 3rd period - Stopped by Ilya Samsonov with a rebound.
2:42 of 3rd period - Shot by Rickard Rakell.
2:42 of 3rd period - Deflect By Travis Konecny.
2:42 of 3rd period - Shot Misses the Net.
3:32 of 3rd period - Off-side.
3:33 of 3rd period - Ryan Donato wins face-off versus Nicolas Aube-Kubel in neutral zone.
3:50 of 3rd period - Shot by Michael Amadio.
3:50 of 3rd period - Stopped by Ilya Samsonov without a rebound.
3:51 of 3rd period - Tyler Johnson wins face-off versus Jonathan Toews in KANSAS CITY KILLERBEES zone.
4:05 of 3rd period - Minor Penalty to Michael Chaput for High sticking.
4:06 of 3rd period - Yegor Sharangovich wins face-off versus Mika Zibanejad in KANSAS CITY KILLERBEES zone.
4:31 of 3rd period - Shot by Mika Zibanejad.
4:31 of 3rd period - Shot Misses the Net.
4:33 of 3rd period - Shot by Brett Pesce.
4:33 of 3rd period - Stopped by Ilya Samsonov without a rebound.
4:34 of 3rd period - Chandler Stephenson wins face-off versus James van Riemsdyk in KANSAS CITY KILLERBEES zone.
4:43 of 3rd period - Shot by Chandler Stephenson.
4:43 of 3rd period - Shot Misses the Net.
4:45 of 3rd period - Shot by Chandler Stephenson.
4:45 of 3rd period - Stopped by Ilya Samsonov without a rebound.
4:46 of 3rd period - Chandler Stephenson wins face-off versus Zach Aston-Reese in KANSAS CITY KILLERBEES zone.
5:35 of 3rd period - Off-side.
5:36 of 3rd period - Gabriel Landeskog wins face-off versus Zach Aston-Reese in neutral zone.
6:35 of 3rd period - Shot by Anders Bjork.
6:35 of 3rd period - Stopped by Kevin Lankinen with a rebound.
6:37 of 3rd period - Shot by Egor Zamula.
6:37 of 3rd period - Shot Misses the Net.
7:06 of 3rd period - Icing by Mark Borowiecki.
7:07 of 3rd period - Yegor Sharangovich wins face-off versus Ryan Donato in PORTLAND PIRATES zone.
7:26 of 3rd period - Shot by Ryan Dzingel.
7:26 of 3rd period - Stopped by Kevin Lankinen with a rebound.
7:28 of 3rd period - Shot by Yegor Sharangovich.
7:28 of 3rd period - Deflect By Ryan Dzingel.
7:28 of 3rd period - Stopped by Kevin Lankinen without a rebound.
7:29 of 3rd period - Yanni Gourde wins face-off versus James van Riemsdyk in PORTLAND PIRATES zone.
7:44 of 3rd period - Off-side.
7:45 of 3rd period - Tyler Johnson wins face-off versus Mika Zibanejad in neutral zone.
7:48 of 3rd period - Travis Hamonic is hit by Tyler Johnson and loses puck.
8:19 of 3rd period - Shot by Anders Bjork.
8:19 of 3rd period - Deflect By Tyler Johnson.
8:19 of 3rd period - Shot Misses the Net.
8:24 of 3rd period - Off-side.
8:25 of 3rd period - Chandler Stephenson wins face-off versus Zach Aston-Reese in neutral zone.
8:53 of 3rd period - Yanni Gourde is hit by Cam Fowler and loses puck.
9:02 of 3rd period - Shot by Chandler Stephenson.
9:02 of 3rd period - Deflect By Robert Thomas.
9:02 of 3rd period - Stopped by Ilya Samsonov without a rebound.
9:03 of 3rd period - Mika Zibanejad wins face-off versus Yegor Sharangovich in KANSAS CITY KILLERBEES zone.
9:36 of 3rd period - Shot by Travis Konecny.
9:36 of 3rd period - Shot Blocked by Will Butcher.
10:06 of 3rd period - Shot by Tyler Johnson.
10:06 of 3rd period - Shot Misses the Net.
11:05 of 3rd period - Icing by Brian Dumoulin.
11:06 of 3rd period - Chandler Stephenson wins face-off versus MacKenzie Entwistle in PORTLAND PIRATES zone.
11:41 of 3rd period - Icing by Thomas Chabot.
11:42 of 3rd period - Chandler Stephenson wins face-off versus Zach Aston-Reese in PORTLAND PIRATES zone.
11:42 of 3rd period - Chandler Stephenson is hit by Zach Aston-Reese.
11:58 of 3rd period - Shot by Yanni Gourde.
11:58 of 3rd period - Deflect By Robert Thomas.
11:58 of 3rd period - Stopped by Ilya Samsonov without a rebound.
11:59 of 3rd period - Yegor Sharangovich wins face-off versus Mika Zibanejad in KANSAS CITY KILLERBEES zone.
13:07 of 3rd period - Icing by Cam Fowler.
13:08 of 3rd period - Chandler Stephenson wins face-off versus Zach Aston-Reese in KANSAS CITY KILLERBEES zone.
13:10 of 3rd period - Yanni Gourde is hit by K'Andre Miller and loses puck.
13:46 of 3rd period - Icing by Thomas Chabot.
13:47 of 3rd period - Chandler Stephenson wins face-off versus Tyler Johnson in PORTLAND PIRATES zone.
13:51 of 3rd period - Off-side.
13:52 of 3rd period - Tyler Johnson wins face-off versus Gabriel Landeskog in neutral zone.
13:52 of 3rd period - Tyler Johnson is hit by Pavel Zacha.
14:18 of 3rd period - Tyler Johnson is hit by Mark Borowiecki and loses puck.
14:24 of 3rd period - Tyler Johnson is hit by Mark Borowiecki and loses puck.
14:26 of 3rd period - Minor Penalty to Mark Borowiecki for Hooking.
14:27 of 3rd period - Yegor Sharangovich wins face-off versus Pavel Zacha in PORTLAND PIRATES zone.
15:06 of 3rd period - Shot by Cam Fowler.
15:06 of 3rd period - Stopped by Kevin Lankinen without a rebound.
15:07 of 3rd period - Yanni Gourde wins face-off versus Alexis Lafreniere in PORTLAND PIRATES zone.
15:13 of 3rd period - Icing by Alexis Lafreniere.
15:14 of 3rd period - Tyler Johnson wins face-off versus Pavel Zacha in KANSAS CITY KILLERBEES zone.
15:29 of 3rd period - Shot by James van Riemsdyk.
15:29 of 3rd period - Stopped by Kevin Lankinen without a rebound.
15:30 of 3rd period - Pavel Zacha wins face-off versus Yegor Sharangovich in PORTLAND PIRATES zone.
16:24 of 3rd period - Shot by Colin Miller.
16:24 of 3rd period - Shot Blocked by Ben Hutton.
16:46 of 3rd period - Shot by Mika Zibanejad.
16:46 of 3rd period - Shot Blocked by Will Butcher.
16:50 of 3rd period - Shot by Travis Konecny.
16:50 of 3rd period - Stopped by Ilya Samsonov without a rebound.
16:51 of 3rd period - Chandler Stephenson wins face-off versus Zach Aston-Reese in KANSAS CITY KILLERBEES zone.
16:51 of 3rd period - Yanni Gourde is hit by Colin Miller and loses puck.
16:54 of 3rd period - Shot by Yanni Gourde.
16:54 of 3rd period - Stopped by Ilya Samsonov without a rebound.
16:55 of 3rd period - Zach Aston-Reese wins face-off versus Chandler Stephenson in KANSAS CITY KILLERBEES zone.
17:30 of 3rd period - Shot by Robert Thomas.
17:30 of 3rd period - Shot Blocked by Keith Yandle.
17:55 of 3rd period - Minor Penalty to Mika Zibanejad for Roughing.
17:56 of 3rd period - Pavel Zacha wins face-off versus Yegor Sharangovich in PORTLAND PIRATES zone.
18:57 of 3rd period - Shot by James van Riemsdyk.
18:57 of 3rd period - Stopped by Kevin Lankinen with a rebound.
19:54 of 3rd period - Shot by Yegor Sharangovich.
19:54 of 3rd period - Shot Misses the Net.
Goals for this period are 1 for KANSAS CITY KILLERBEES vs 1 for PORTLAND PIRATES.
Shots for this period are 7 for KANSAS CITY KILLERBEES vs 10 for PORTLAND PIRATES.


RYAN
NUGENT-HOPKINS
THATCHER
DEMKO
MITCHELL
MARNER

EAST COAST

HOCKEY LEAGUE

  • 13.MAN3PIT5
  • 14.NHW2ATL3
  • 15.PET5WOR4
  • 16.RHI30
  • 17.QUECHI
  • 18.CHALIM
  • 19.TRVLON
  • 20.CHWBAL